Map: Submarine LE

Players

TYTY (TY)

  • Race: Terran Terran
  • Spawn Location: 5:00

Neeb - Winner!

  • Race: Protoss Protoss
  • Spawn Location: 11:00

Event: DreamHack SC2 Masters 2020 Winter

VOD

Have the link to the VOD?

Description

Time

  • Played on: Nov. 14, 2020, 8:38 a.m.
  • Length: 9:37

All games in this series

Show
View Real Time Build Order
Export as new Build Order

TYTY Terran 

Build Orders:  

Get SALT Encoding   

  12  0:00  SCV  
  13  0:12  SCV  
  14  0:17  Supply Depot  
  14  0:24  SCV  
  15  0:39  SCV  
  15  0:40  Barracks  
  16  0:43  Refinery  
  16  0:51  SCV  
  17  0:59  Barracks  
  17  1:03  SCV  
  18  1:15  SCV, Supply Depot  
  19  1:27  Orbital Command  
  19  1:31  Reaper  
  20  1:48  Reaper  
  21  1:54  SCV  
  22  2:03  Marine  
  22  2:06  SCV  
  24  2:20  Marine, SCV  
  25  2:24  Marine  
  25  2:28  Supply Depot  
  26  2:38  Marine  
  26  2:40  Factory  
  26  2:43  Refinery  
  28  2:47  Bunker, SCV  
  28  2:52  Marine  
  28  2:55  Marine  
  30  2:59  SCV  
  31  3:08  Supply Depot  
  31  3:09  Marine  
  31  3:11  SCV  
  33  3:13  Marine  
  34  3:23  Factory Tech Lab  
  34  3:26  Supply Depot  
  35  3:27  Marine  
  35  3:31  Marine  
  36  3:41  Supply Depot  
  36  3:42  Cyclone, Mag-Field Accelerator  
  36  3:47  Marine  
  40  3:49  SCV, Marine  
  42  4:01  SCV  
  43  4:05  Marine  
  43  4:12  Marine  
  43  4:14  Cyclone  
  44  4:23  Marine  
  46  4:30  Factory  
  45  4:33  Marine  
  46  4:41  Marine  
  48  4:48  Cyclone  
  50  4:56  Marine  
  50  4:57  Supply Depot  
  51  5:06  Marine  
  53  5:13  Marine  
  53  5:15  Factory Tech Lab  
  53  5:21  Siege Tank  
  53  5:24  Marine  
  55  5:36  Siege Tank  
  55  5:37  Marine  
  55  5:42  Marine  
  60  5:51  Supply Depot  
  60  5:53  Cyclone  
  63  6:13  Marine x2, Cyclone  
  66  6:24  Command Center  
  66  6:25  Engineering Bay  
  65  6:31  Marine x2  
  66  6:37  Supply Depot  
  66  6:44  Cyclone  
  69  6:59  Cyclone  
  69  7:00  Marine x2  
  74  7:02  SCV  
  74  7:14  SCV  
  74  7:15  Missile Turret  
  75  7:21  Marine x2  
  77  7:30  SCV  
  77  7:39  Armory  
  77  7:44  SCV  
  77  7:47  Marine x2  
  79  7:56  SCV  
  72  8:16  SCV, Orbital Command  
  72  8:19  Siege Tank  
  79  8:20  Siege Tank  
  79  8:25  Barracks Reactor x2  
  79  8:28  SCV  
  80  8:40  SCV  
  81  8:42  SCV  
  82  8:52  SCV  
  86  8:57  Widow Mine x2  
  86  8:58  SCV  
  86  9:02  Supply Depot x2, Marine x2  
  88  9:03  Marine x2, Supply Depot  
  91  9:15  SCV x2  
Show
View Real Time Build Order
Export as new Build Order

Neeb Protoss - Winner!

Build Orders: Proxy Void Ray 

Get SALT Encoding   

  12  0:09  Pylon  
  12  0:12  Probe  
  13  0:27  Gateway  
  13  0:29  Probe (Chrono Boost)  
  14  0:39  Assimilator, Probe (Chrono Boost)  
  15  0:44  Probe (Chrono Boost)  
  15  0:49  Assimilator  
  16  0:55  Probe  
  17  1:08  Probe  
  18  1:15  Cybernetics Core  
  18  1:20  Probe  
  18  1:21  Pylon  
  19  1:32  Probe  
  20  1:49  Adept (Chrono Boost)  
  20  1:51  Stargate  
  22  1:54  Shield Battery  
  22  1:58  Probe  
  23  2:11  Adept  
  25  2:21  Pylon  
  25  2:25  Probe  
  25  2:26  Void Ray (Chrono Boost)  
  29  2:39  Probe  
  30  2:50  Warp Gate  
  30  2:51  Probe  
  30  2:57  Void Ray (Chrono Boost)  
  35  3:10  Probe  
  36  3:16  Pylon  
  36  3:21  Adept  
  36  3:25  Pylon  
  38  3:34  Shield Battery  
  38  3:36  Void Ray (Chrono Boost)  
  42  3:50  Shield Battery  
  42  4:04  Shield Battery  
  42  4:23  Phoenix (Chrono Boost)  
  44  4:24  Shield Battery  
  44  4:38  Nexus  
  44  4:47  Phoenix  
  44  4:49  Probe  
  47  5:01  Pylon  
  47  5:02  Probe  
  47  5:04  Sentry  
  50  5:13  Phoenix  
  52  5:15  Probe  
  53  5:28  Probe  
  54  5:37  Phoenix (Chrono Boost)  
  54  5:40  Probe  
  57  5:50  Probe  
  57  5:52  Probe  
  59  5:59  Phoenix (Chrono Boost)  
  59  6:02  Gateway  
  61  6:04  Gateway, Probe  
  61  6:10  Probe  
  63  6:16  Probe  
  64  6:22  Probe  
  64  6:23  Phoenix (Chrono Boost)  
  67  6:25  Stalker  
  67  6:29  Probe  
  70  6:37  Pylon  
  70  6:49  Pylon  
  70  6:50  Pylon  
  70  6:52  Shield Battery  
  70  6:54  Phoenix  
  70  6:57  Probe x2  
  70  6:59  Pylon  
  74  7:04  Twilight Council  
  74  7:05  Sentry  
  74  7:08  Forge  
  76  7:10  Zealot  
  76  7:11  Zealot  
  80  7:20  Probe x2  
  84  7:32  Probe x2  
  84  7:34  Charge (Chrono Boost)  
  84  7:35  Assimilator  
  84  7:37  Protoss Ground Armor Level 1 (Chrono Boost)  
  84  7:39  Assimilator  
  84  7:41  Sentry  
  86  7:44  Probe  
  86  7:46  Pylon x2  
  86  7:47  Pylon  
  87  8:01  Probe  
  87  8:02  Probe  
  87  8:03  Zealot x2  
  89  8:13  Probe, Templar Archives  
  89  8:14  Probe  
  89  8:17  Zealot  
  93  8:22  Gateway  
  93  8:23  Gateway  
  93  8:25  Gateway  
  93  8:32  Zealot x2  
  97  8:40  Zealot  
  99  8:43  Nexus  
  99  8:48  Pylon  
  99  8:53  High Templar x2  
  103  8:57  Gateway  
  103  8:58  Archon  
  103  9:03  Zealot  
  83  9:18  Zealot x2  
  83  9:22  Zealot  
  83  9:23  Probe  
  83  9:24  Probe  
Tags
 
Add a new tag
Caveats
  • Supply blocks, unpowered buildings, or Contaminate may cause inaccurate times.
  • Supply counts are checked every 10 seconds.